 Dungeon Crawl Stone Soup version 0.28-a0-804-g60983d4ba9 (webtiles) character file.

Game seed: 6998432872517908138

658 Gwenloh the Skirmisher (level 7, -3/54 HPs)
             Began as a Djinni Delver on Nov 7, 2021.
             Was an Initiate of Makhleb.
             Slain by a gnoll (7 damage)
             ... on level 5 of the Dungeon.
             The game lasted 00:23:36 (6245 turns).

Gwenloh the Skirmisher (Djinni Delver)              Turns: 6245, Time: 00:23:37

Health: -3/54      AC:  3    Str: 11    XL:     7   Next: 85%
Gold:   174        EV: 17    Int: 14    God:    Makhleb [......] SH:  0 Dex: 14

rFire   + + .      SeeInvis +   a - +2 whip (elec)
rCold   x . .      Faith    .   (no shield)
rNeg    . . .      Spirit   .   n - +0 leather armour
rPois   ∞          Reflect  .   (no helmet)
rElec   .          Harm     .   (no cloak)
rCorr   .          Rampage  .   (no gloves)
Will    .....                   (boots unavailable)
Stlth   +.........              (no amulet)
HPRegen 0.18/turn               D - ring of see invisible
MPRegen 0.00/turn               I - +4 ring of evasion

@: lit by a corona, flying, glowing
A: sickness immunity, fire resistance 2, cold vulnerability 1, float, innate
caster, hp casting, extra vitality 1
a: Renounce Religion


You were on level 5 of the Dungeon.
You worshipped Makhleb.
Makhleb was noncommittal.
You visited 2 branches of the dungeon, and saw 6 of its levels.

You collected 196 gold pieces.
You spent 22 gold pieces at shops.

Inventory:

Hand Weapons
 a - a +2 whip of electrocution (weapon)
 b - a +0 hunting sling
 i - a +0 short sword of venom
 l - a +4 whip
Missiles
 m - 86 stones
 E - 17 bolts
 G - a poisoned dart (quivered)
 H - 11 sling bullets
 K - a throwing net
Armour
 n - a +0 leather armour (worn)
Magical Staves
 F - a staff of poison
Jewellery
 D - a ring of see invisible (left hand)
 I - a +4 ring of evasion (right hand)
Wands
 f - a wand of digging (3)
 J - a wand of mindburst (2)
Scrolls
 c - a scroll of magic mapping
 d - a scroll of fear
 g - 4 scrolls of identify
 k - a scroll of holy word
 p - 2 scrolls of vulnerability {unknown}
 r - a scroll of acquirement {unknown}
 t - a scroll of enchant armour {unknown}
 u - a scroll of noise {unknown}
 v - a scroll of fog
 y - 2 scrolls of amnesia {unknown}
 z - a scroll of teleportation {unknown}
Potions
 e - 3 potions of haste
 h - 3 potions of brilliance {unknown}
 j - 2 potions of berserk rage {unknown}
 o - a potion of mutation {unknown}
 q - 3 potions of degeneration {unknown}
 s - 2 potions of curing {unknown}
 w - 2 potions of might {unknown}
 x - a potion of ambrosia {unknown}
 A - a potion of lignification {unknown}
 B - 2 potions of heal wounds {unknown}
 C - a potion of flight {unknown}


   Skills:
 + Level 5.2 Fighting
 - Level 0.2 Armour
 + Level 5.1 Dodging
 - Level 4.3 Stealth
 - Level 2.0 Unarmed Combat
 + Level 2.9 Spellcasting
 + Level 2.1 Invocations


You had 5 spell levels left.
You knew the following spells:

 Your Spells              Type           Power      Damage    Failure   Level
a - Summon Small Mammal   Summ           40%        N/A       9%          1
b - Passwall              Tmut/Erth      8%         N/A       13%         2
c - Gell's Gravitas       Tloc           10%        N/A       26%         3
Your spell library was empty.

Dungeon Overview and Level Annotations

Branches:
Dungeon (5/15)             Temple (1/1) D:4

Altars:
Ashenzari
Cheibriados
Dithmenos
Elyvilon
Fedhas
Gozag
Hepliaklqana
Kikubaaqudgha
Makhleb
Nemelex Xobeh
Okawaru
Qazlal
Ru
Sif Muna
Trog
Uskayaw
Vehumet
Wu Jian
Xom
Yredelemnul
Zin

Shops:
D:1 !   D:2 (   D:3 ?


Innate Abilities, Weirdness & Mutations

You are immune to sickness and miasma.
You are immune to poison.
Your flesh is very heat resistant. (rF++)
You are vulnerable to cold. (rC-)
You float through the air rather than walking.
You learn spells naturally, not from books.
Your magical power is your life essence.
You have superior vitality. (+4 HP)


Message History

The gnoll shaman invokes the aid of its god against you.
You are outlined in light.
That's the wrong kind of item! (Use * to select it.) Evoke which item? (* to show all) (? for menu, Esc to quit)
Aiming: Mindburst
Press: ? - help, Shift-Dir - straight line, f - gnoll shaman
Aim: a gnoll shaman, wielding a +0 quarterstaff and wearing a +0 leather armour (severely wounded, chance to affect: 65%)
The gnoll shaman struggles to resist.
The gnoll shaman utters an invocation to its god.
The gnoll shaman is healed somewhat.
That's the wrong kind of item! (Use * to select it.) Evoke which item? (* to show all) (? for menu, Esc to quit)
Aiming: Mindburst
Press: ? - help, Shift-Dir - straight line, f/p - gnoll shaman
Aim: a gnoll shaman, wielding a +0 quarterstaff and wearing a +0 leather armour (heavily wounded, chance to affect: 65%)
The gnoll shaman struggles to resist.
That's the wrong kind of item! (Use * to select it.) Evoke which item? (* to show all) (? for menu, Esc to quit)
Aiming: Mindburst
Press: ? - help, Shift-Dir - straight line, f/p - gnoll shaman
Aim: a gnoll shaman, wielding a +0 quarterstaff and wearing a +0 leather armour (heavily wounded, chance to affect: 65%)
The gnoll shaman struggles to resist.
The gnoll hits you from afar with a +0 spear.
* * * LOW HITPOINT WARNING * * *
The gnoll shaman prays to its god.
The gnoll shaman is healed somewhat.
That's the wrong kind of item! (Use * to select it.) Evoke which item? (* to show all) (? for menu, Esc to quit)
Aiming: Mindburst
Press: ? - help, Shift-Dir - straight line, f/p - gnoll shaman
Aim: a gnoll shaman, wielding a +0 quarterstaff and wearing a +0 leather armour (moderately wounded, chance to affect: 65%)
The gnoll shaman's mind is blasted!
You blow up the gnoll shaman!
Makhleb accepts your kill.
The gnoll hits you from afar with a +0 spear.
* * * LOW HITPOINT WARNING * * *
The gnoll hits you from afar with a +0 spear.
* * * LOW HITPOINT WARNING * * *
The gnoll hits you from afar with a +0 spear!
You die...

#.#####.#...#######.##≈.....
#.# #.##########...#≈.###.
#.# #.# #...)g((.(..#..# #.#
#.# #.####...'..#).# #.# #.#
#.# ##.##≈..### #.# #.# #g#
#.# ≈..... #.# #.# #.# #.#
≈≈≈≈≈≈ #.# #.#####g# #.#
###### #.# ##....@..# #.#
#.# ##.#.###### #.#
#.###.###.######## .#
#.##.## ##.......# ..
##.###>###.######.#
#.......#.#######.#
#..#####.#........# ##
#............####### #.
#..#######.#.......# #>


You could see a gnoll (fast).

Vanquished Creatures
  2 ogres
  A scorpion (D:5)
  A gnoll shaman (D:5)
  3 hounds
  An iguana (D:5)
  2 orc wizards (D:3)
  A hound zombie (D:5)
  A hound skeleton (D:5)
  11 gnolls
  3 adders
  An adder zombie (D:5)
  A dart slug (D:2)
  5 orcs
  8 ball pythons
  8 bats
  6 endoplasms
  2 giant cockroaches
  5 goblins
  8 hobgoblins
  7 kobolds
  6 quokkas
  3 frilled lizards
  6 rats
92 creatures vanquished.

Vanquished Creatures (others)
  A plant (D:2)
1 creature vanquished.

Grand Total: 93 creatures vanquished

Notes
Turn   | Place    | Note
-------+----------+-------------------------------------------
     0 | D:5      | Gwenloh the Djinni Delver began the quest for the Orb.
     0 | D:5      | Reached XP level 1. HP: 20/20 MP: 0/0
    14 | D:5      | Noticed an ogre
   122 | D:3      | Found Bohig's Magic Scroll Boutique.
   129 | D:3      | Bought a scroll of identify for 22 gold pieces
   293 | D:1      | Reached XP level 2. HP: 4/25 MP: 0/0
   820 | D:1      | Found Agiaroof's Distillery.
   946 | D:1      | Reached XP level 3. HP: 25/30 MP: 0/0
   946 | D:1      | Learned a level 1 spell: Summon Small Mammal
  1170 | D:2      | Found Bosisipp's Weapon Emporium.
  1497 | D:2      | Reached skill level 1 in Spellcasting
  1497 | D:2      | Reached XP level 4. HP: 17/35 MP: 0/0
  2297 | D:2      | Found a faded altar of an unknown god.
  2436 | D:2      | Reached XP level 5. HP: 28/41 MP: 0/0
  2436 | D:2      | Learned a level 2 spell: Passwall
  3621 | D:3      | Reached XP level 6. HP: 9/47 MP: 0/0
  4092 | D:4      | Noticed an ogre
  4106 | D:4      | Killed an ogre
  4244 | D:4      | Found a staircase to the Ecumenical Temple.
  4276 | Temple   | Entered the Ecumenical Temple
  4956 | Temple   | Became a worshipper of Makhleb the Destroyer
  5393 | D:5      | Reached XP level 7. HP: 13/53 MP: 0/0
  5393 | D:5      | Learned a level 3 spell: Gell's Gravitas
  5668 | D:5      | Reached skill level 1 in Invocations
  5693 | D:5      | Reached skill level 5 in Fighting
  5940 | D:5      | Reached skill level 5 in Dodging
  6245 | D:5      | Slain by a gnoll

Illustrated notes

Levels and vault maps discovered:
D:1:      erik_arrival_orb_chamber, layout_rooms, serial_shops, shop,
          chequers_serial_rivers_micro_c
D:2:      layout_rooms, dreamdust_ecumenical_altar_grove, serial_shops, shop,
          minmay_small_reverse_x
D:3:      layout_rooms, serial_rivers, chequers_serial_rivers_room_b,
          chequers_serial_rivers_room_b, chequers_serial_rivers_small_b,
          chequers_serial_rivers_small_b, serial_shops, shop, dk_noncrumbling_4,
          minmay_misc_feat_x, kennysheep_generic_room_8
D:4:      layout_rooms, minmay_temple_entry_statues_pillars
D:5:      layout_loops_ring, kennysheep_doodads, kennysheep_generic_room_7
Temple:   nicolae_temple_the_god_donut

Skill      XL: |  1  2  3  4  5  6  7 |
---------------+----------------------+-----
Spellcasting   | 1 2 |  2.9
Dodging        | 3 4 5 |  5.1
Fighting       | 4 5 |  5.2
Invocations    | 2 |  2.1
Armour         | |  0.2
Stealth        | |  4.3
Unarmed Combat | |  2.0

Action                   |  1- 3 |  4- 6 |  7- 9 || total
-------------------------+-------+-------+-------++-------
Melee: Unarmed           |    13 |       |       ||    13
       Whip              |    63 |   120 |    50 ||   233
       Short sword       |     1 |       |       ||     1
 Fire: Hunting sling     |       |    55 |    26 ||    81
Throw: Dart              |    21 |    18 |       ||    39
       Stone             |       |    22 |     3 ||    25
Evoke: Wand              |       |       |     7 ||     7
  Use: Scroll            |     1 |       |       ||     1
 Stab: Sleeping          |     6 |       |       ||     6
Armor: Leather armour    |    35 |    18 |     2 ||    55
Dodge: Dodged            |   103 |    93 |    45 ||   241

Table legend: (Time is in decaauts)
 A = Elapsed time spent in this place.
 B = Non-inter-level travel time spent in this place.
 C = Inter-level travel time spent in this place.
 D = Time resting spent in this place.
 E = Time spent auto-exploring this place.
 F = Levels seen in this place.
 G = Mean time per level.
                   A        B        C        D        E       F      G
               +--------+--------+--------+--------+--------+-----+--------+
         Total |   6274 |   6186 |     88 |    806 |   4039 |   6 | 1045.7 |
       Dungeon |   5570 |   5505 |     65 |    806 |   3465 |   5 | 1114.0 |
        Temple |    704 |    681 |     23 |      0 |    574 |   1 |  704.0 |
               +--------+--------+--------+--------+--------+-----+--------+

Top non-repeatable levels by time:
     D:1: 1303 daAuts
     D:3: 1286 daAuts
     D:2: 1101 daAuts
     D:5: 1071 daAuts
     D:4: 807 daAuts
  Temple: 704 daAuts
